AoeStats
← Cheonma

African Clearing

505334946Analyzed
4v4 RM · 25d ago on Sep 8, 2026· 43m 39s· 8 players
Game mode
Random Map
Map size
Large (8 player)
Population
200
Speed
Normal
Resources
Standard
Victory
Conquest
Starting age
Dark Age
Ending age
Imperial Age
RankedLock teamsTeams togetherTeam positionsShared explorationLock speedFull tech treeHidden civsTurbo modeCheats
Victory
Defeat
🇨🇦 Berbers · Canada
1359
+14
🇧🇷 Magyars · Brazil
1264
+18
🇺🇾 Koreans · Uruguay
1229
+19
🇫🇷 Mongols · France
1216
+20
🇦🇷 Huns · Argentina
1436
-23
🇦🇷 Persians · Argentina
1279
-17
🇦🇷 Mapuche · Argentina
1264
-16
🇦🇷 Jurchens · Argentina
1227
-15
LEGAL, METE O PÉ
9:28 Loom
12:14 Feudal Age
13:21 Double-Bit Axe
19:09 Bloodlines
24:23 Castle Age
24:43 Light Cavalry
31:56 Wheelbarrow
32:20 Bow Saw
32:48 Horse Collar
34:09 Husbandry
34:47 Town Watch
36:26 Scale Barding Armor
36:56 Hand Cart
36:43 Heavy Plow
36:37 Gold Mining
38:59 Chain Barding Armor
40:39 Stone Mining
43:33 Imperial Age
41:45 Fletching
43:08 Bodkin Arrow
EBERE
6:03 Loom
15:01 Feudal Age
16:05 Double-Bit Axe
16:02 Horse Collar
16:14 Stone Mining
18:37 Castle Age
20:23 Bow Saw
20:15 Heavy Plow
28:19 Fletching
29:06 Wheelbarrow
30:21 Gold Mining
31:08 Stone Shaft Mining
31:28 Ballistics
31:36 Bodkin Arrow
31:52 Forging
31:43 Scale Mail Armor
32:42 Hand Cart
34:09 Iron Casting
33:50 Chain Mail Armor
33:48 Squires
33:34 Arson
34:30 Town Watch
35:10 Gambesons
38:59 Imperial Age
37:08 Coinage
40:15 Plate Mail Armor
39:41 Bodkin Arrow
40:09 Conscription
40:13 Shinkichon
39:41 Elite Fire Lancer
40:19 Heavy Rocket Cart
42:36 Chemistry
41:21 Arrowslits
41:43 Siege Engineers
41:42 Eupseong
42:27 Bracer
Kefko2112
5:32 Loom
9:46 Loom
13:40 Feudal Age
17:23 Castle Age
15:10 Double-Bit Axe
17:49 Fletching
20:27 Wheelbarrow
25:22 Ballistics
36:53 Hand Cart
39:33 Bodkin Arrow
39:38 Padded Archer Armor
42:38 Scale Barding Armor
42:43 Forging
44:03 Chain Barding Armor
Alboboff
9:25 Loom
12:39 Loom
15:16 Feudal Age
18:10 Fletching
29:13 Castle Age
32:43 Scale Barding Armor
36:13 Bloodlines
Cheonma
8:54 Loom
12:29 Feudal Age
13:55 Double-Bit Axe
23:01 Castle Age
24:52 Fletching
28:38 Elite Skirmisher
31:32 Bodkin Arrow
31:38 Padded Archer Armor
31:17 Crossbowman
34:34 Gold Mining
34:34 Stone Mining
34:39 Horse Collar
38:28 Ballistics
41:03 Wheelbarrow
40:51 Thumb Ring
42:27 Town Watch
46:00 Imperial Age
RDA Ghosti
9:51 Loom
13:35 Feudal Age
17:20 Castle Age
16:31 Double-Bit Axe
21:24 Padded Archer Armor
36:38 Ballistics
37:59 Elite Skirmisher
[TBArg] kaos_leo
14:23 Feudal Age
15:43 Loom
18:07 Castle Age
15:56 Loom
16:48 Double-Bit Axe
17:14 Fletching
19:09 Bodkin Arrow
40:57 Bow Saw
41:28 Scale Barding Armor
45:57 Imperial Age
Rocker_
9:36 Loom
12:05 Feudal Age
12:56 Double-Bit Axe
12:49 Champi Runner
30:47 Castle Age
32:48 Padded Archer Armor
36:14 Fletching
Connection lost

Rejoining the realm…

Still unreachable

The connection could not be restored.

Session expired

The server has moved on; the page needs a fresh start.